 Dungeon Crawl Stone Soup version 0.23-a0-643-g9ccc95a (webtiles) character file.

161 Azzok the Chopper (level 5, 0/45 HPs)
             Began as a Minotaur Fighter on Dec 31, 2018.
             Slain by an ogre
             ... wielding a +0 giant club
              (24 damage)
             ... on level 4 of the Dungeon.
             The game lasted 00:04:10 (2585 turns).

Azzok the Chopper (Minotaur Fighter)                Turns: 2585, Time: 00:04:10

Health: 0/45       AC: 11    Str: 21    XL:     5   Next: 18%
Magic:  4/4        EV:  5    Int:  5    God:
Gold:   236        SH:  9    Dex: 10    Spells: 4/4 levels left

rFire    + . .     SeeInvis .   a - +0 war axe
rCold    x . .     Gourm    .   c - +0 shield
rNeg     . . .     Faith    .   p - +0 chain mail
rPois    +         Spirit   .   (helmet restricted)
rElec    .         Reflect  .   (no cloak)
rCorr    .         Harm     .   w - +1 pair of gloves
MR       .....                  (no boots)
Stlth    ..........             u - amulet of the acrobat
HPRegen  0.15/turn              h - ring of fire
MPRegen  0.09/turn              s - ring of poison resistance

@: drained
A: retaliatory headbutt, horns 2
a: no special abilities


You were on level 4 of the Dungeon.
You were not hungry.

You visited 1 branch of the dungeon, and saw 4 of its levels.
You visited the Abyss 1 time.

You collected 236 gold pieces.

Inventory:

Hand Weapons
 a - a +0 war axe (weapon)
Armour
 c - a +0 shield (worn)
 p - a +0 chain mail (worn)
 w - a +1 pair of gloves (worn)
Jewellery
 h - a ring of fire (left hand)
 s - a ring of poison resistance (right hand)
 u - an amulet of the acrobat (around neck)
Scrolls
 e - a scroll of noise {unknown}
 g - 4 scrolls of teleportation {unknown}
 j - 4 scrolls of identify {unknown}
 k - 2 scrolls of blinking {unknown}
 n - a scroll of random uselessness {unknown}
 q - a scroll of fear {unknown}
Potions
 b - a potion of haste {unknown}
 d - 2 potions of might
 i - a potion of flight {unknown}
 l - a potion of mutation {unknown}
 m - 3 potions of brilliance {unknown}
 o - 2 potions of degeneration {unknown}
 r - 3 potions of curing {unknown}
 v - a potion of heal wounds {unknown}
Comestibles
 f - 5 rations


   Skills:
 - Level 3.6(3.1) Fighting
 + Level 6.6(6.0) Axes
 - Level 3.6(3.1) Armour
 - Level 3.6(3.1) Shields


You had 4 spell levels left.
You didn't know any spells.
Your spell library was empty.

Dungeon Overview and Level Annotations

Branches:
Dungeon (4/15)
 Temple: D:4-7

Altars:
Trog


Innate Abilities, Weirdness & Mutations

You reflexively headbutt those who attack you in melee.
You have a pair of horns on your head.


Message History

Found 8 gold pieces.
Found an escape hatch in the floor.
There is a stone staircase leading up here.
There are monsters nearby!
Found a stone staircase leading up.
Found 15 gold pieces.
You closely miss the ogre. The ogre hits you with a +0 giant club!
You barely miss the ogre. You headbutt the ogre.
The ogre is lightly wounded.
The ogre hits you with a +0 giant club!
You completely miss the ogre. Your headbutt misses the ogre.
The ogre is lightly wounded.
You block the ogre's attack.
Your chain mail prevents you from hitting the ogre.
You block the ogre's attack. The water moccasin skeleton bites you.
You slash the ogre!
The ogre is moderately wounded.
You closely miss the water moccasin skeleton.
The ogre hits you with a +0 giant club!!
Ouch! That really hurt!
You die...

··▒·▒▒ ····▒▒▒▒▒▒
··········
·······▒
·<·····▒▒
▒▒···$···$
▒·······▒▒
▒·@O······
▒·Z·····▒▒ ▒▒▒
▒▒▒·······▒
·▒▒···▒···▒▒▒▒▒▒▒
··>····<▒▒▒
▒···Z···▒
▒·······▒
▒········
·········


You could see an ogre and a water moccasin skeleton.

Vanquished Creatures
  A quasit (Abyss:1)
  Robin (D:3)
  3 adders
  2 dart slugs
  4 leopard geckos
  An orc (D:3)
  2 giant cockroaches (D:3)
  17 goblins
  12 hobgoblins
  5 jackals
  9 kobolds
  A quokka (D:3)
  7 bats
  5 frilled lizards
  4 rats (D:1)
74 creatures vanquished.

Notes
Turn   | Place    | Note
-------+----------+-------------------------------------------
     0 | D:1      | Azzok the Minotaur Fighter began the quest for the Orb.
     0 | D:1      | Reached XP level 1. HP: 19/19 MP: 0/0
    66 | D:1      | Reached skill level 3 in Axes
   193 | D:1      | Reached XP level 2. HP: 20/26 MP: 1/1
   441 | D:1      | Reached skill level 4 in Axes
  1067 | D:2      | Reached XP level 3. HP: 28/31 MP: 2/2
  1408 | D:2      | Found a bloodstained altar of Trog.
  1491 | D:2      | Cast into level 1 of the Abyss (a distortion unwield)
  1509 | Abyss:1  | Reached skill level 5 in Axes
  1509 | Abyss:1  | Reached XP level 4. HP: 34/39 MP: 3/3
  1514 | D:2      | Escaped the Abyss
  1777 | D:3      | Reached skill level 6 in Axes
  1896 | D:3      | Noticed Robin
  1920 | D:3      | Killed Robin
  1920 | D:3      | Reached XP level 5. HP: 24/45 MP: 4/4
  2576 | D:4      | Noticed an ogre
  2585 | D:4      | Slain by an ogre

Vault maps used:
D:1:      matt_arrival_diagonals
D:2:      bloody_trog, first_ration
D:3:      uniq_robin
D:4:      gup_sewer_entry_glass

Skill      XL: |  1  2  3  4 |
---------------+-------------+-----
Axes           | 3 4 5 6 |  6.6
Fighting       | |  3.6
Armour         | |  3.6
Shields        | |  3.6

Action                   |  1- 3 |  4- 6 || total
-------------------------+-------+-------++-------
Melee: War axe           |    79 |   103 ||   182
       Headbutt          |     5 |    12 ||    17
  Eat: Chunk             |     1 |     5 ||     6
Armor: Scale mail        |    50 |       ||    50
       Chain mail        |     9 |    53 ||    62
Dodge: Dodged            |    40 |    24 ||    64
Block: Shield            |    41 |    66 ||   107

Table legend:
 A = Non-vault XP
 B = Vault XP
 C = Vault XP percentage of total XP
 D = Non-vault monster count
 E = Vault monster count
 F = Vault count percentage of total count
                 A         B        C        D         E       F
            +---------+---------+-------+---------+---------+-------
      Total |     191 |      39 |  17.0 |      61 |      13 |  17.6
            +---------+---------+-------+---------+---------+-------
        D:1 |      39 |       0 |   0.0 |      23 |       0 |   0.0
        D:2 |      38 |       0 |   0.0 |      14 |       0 |   0.0
        D:3 |      68 |      39 |  36.4 |      23 |      13 |  36.1
    Abyss:1 |      46 |       0 |   0.0 |       1 |       0 |   0.0
            +---------+---------+-------+---------+---------+-------
